 Dungeon Crawl Stone Soup version 0.27.1-33-g824d729ab1 (webtiles) character file.

Game seed: 4097708734247863420

121 raph the Stinger (level 4, -4/24 HPs)
             Began as a Deep Elf Venom Mage on Dec 14, 2021.
             Was an Initiate of Vehumet.
             Slain by an ogre (20 damage)
             ... on level 3 of the Dungeon.
             The game lasted 00:07:52 (3126 turns).

raph the Stinger (Deep Elf Venom Mage)              Turns: 3126, Time: 00:07:53

Health: -4/24      AC:  3    Str:  5    XL:     4   Next: 76%
Magic:  1/10       EV: 12    Int: 21    God:    Vehumet [......]
Gold:   139        SH:  0    Dex: 15    Spells: 3/9 levels left

rFire    . . .     SeeInvis .   d - +0 dagger (protect)
rCold    . . .     Faith    .   (no shield)
rNeg     . . .     Spirit   .   a - +1 robe
rPois    .         Reflect  .   (no helmet)
rElec    .         Harm     .   (no cloak)
rCorr    .         Rampage  .   (no gloves)
Will     .....                  (no boots)
Stlth    ++........             (no amulet)
HPRegen  0.08/turn              (no ring)
MPRegen  0.12/turn              (no ring)

@: very slightly contaminated
A: no striking features
a: Renounce Religion


You were on level 3 of the Dungeon.
You worshipped Vehumet.
Vehumet was noncommittal.
You visited 1 branch of the dungeon, and saw 4 of its levels.

You collected 139 gold pieces.

Inventory:

Hand Weapons
 d - a +0 dagger of protection (weapon)
Missiles
 h - 4 boomerangs of dispersal
Armour
 a - a +1 robe (worn)
Scrolls
 c - a scroll of enchant armour
 i - a scroll of teleportation {unknown}
Potions
 b - 2 potions of invisibility
 e - a potion of berserk rage {unknown}
 f - a potion of lignification {unknown}
 g - 2 potions of flight {unknown}


   Skills:
 - Level 2.4 Dodging
 - Level 2.4 Stealth
 + Level 3.2 Spellcasting
 + Level 0.8 Conjurations
 - Level 1.1 Transmutations
 * Level 5.9 Poison Magic


You had 3 spell levels left.
You knew the following spells:

 Your Spells              Type           Power      Damage    Failure   Level
a - Sting                 Tmut/Pois      72%        1d6       3%          1
b - Poisonous Vapours     Pois/Air       30%        N/A       6%          2
c - Mephitic Cloud        Conj/Pois/Air  12%        N/A       16%         3

Your spell library contained the following spells:

 Spells                   Type           Power      Damage    Failure   Level
 Freeze                   Ice            12%        1d4       13%         1
 Passwall                 Tmut/Erth      4%         N/A       16%         2
 Frozen Ramparts          Ice            6%         1d2       36%         3
 Gell's Gravitas          Tloc           1%         N/A       36%         3
 Lesser Beckoning         Tloc           1%         N/A       36%         3
 Summon Guardian Golem    Hex/Summ       3%         N/A       36%         3
 Swiftness                Air            3%         N/A       36%         3
 Teleport Other           Tloc           3%         N/A       36%         3
 Olgreb's Toxic Radiance  Pois           28%        N/A       11%         4
 Hailstorm                Conj/Ice       5%         3d4       73%         4
 Invisibility             Hex            1%         N/A       100%        6
 Orb of Destruction       Conj           3%         9d1       100%        7
 Spellforged Servitor     Conj/Summ      2%         N/A       100%        7


Dungeon Overview and Level Annotations

Branches:
Dungeon (4/15)
 Temple: D:4-7

Altars:
Nemelex Xobeh
Sif Muna
Vehumet
Zin
The Shining One

Annotations:
D:2 Sigmund
D:4 Pikel


Message History

The quokka bites you. The quokka closely misses you.
There is an escape hatch in the ceiling here.
The ogre barely misses you.
The quokka bites you but does no damage.
A mysterious force pulls you upwards. The hatch slams shut behind you.
Aiming: Sting (safe; 3% risk of failure)
Press: ? - help, Q - select action, (/) - cycle Shift-Dir - straight line The quokka closely misses you.
The ogre barely misses you.
Aiming: Sting (safe; 3% risk of failure)
Press: ? - help, Q - select action, (/) - cycle Shift-Dir - straight line, f - quokka
Aim: a quokka (64% to hit)
The sting misses the quokka.
The quokka closely misses you. The ogre completely misses you.
Aiming: Sting (safe; 3% risk of failure)
Press: ? - help, Q - select action, (/) - cycle Shift-Dir - straight line, f/p - quokka
Aim: a quokka (64% to hit)
The sting hits the quokka.
The quokka is poisoned.
The quokka is heavily wounded.
The quokka closely misses you. The quokka misses you. The quokka bites you.
Aiming: Sting (safe; 3% risk of failure)
Press: ? - help, Q - select action, (/) - cycle Shift-Dir - straight line, f - ogre, p - quokka
Aim: an ogre, wielding a +0 giant club (almost dead, poisoned, 88% to hit)
You miscast Sting.
You are very lightly contaminated with residual magic.
Nothing appears to happen.
The ogre barely misses you. The quokka barely misses you.
You barely miss the ogre.
The ogre is almost dead.
The quokka bites you. The ogre closely misses you.
Aiming: Sting (safe; 3% risk of failure)
Press: ? - help, Q - select action, (/) - cycle Shift-Dir - straight line, f/p - ogre
Aim: an ogre, wielding a +0 giant club (almost dead, poisoned, 88% to hit)
The sting misses the ogre.
You kill the quokka!
Vehumet accepts your kill.
The ogre hits you with a +0 giant club!!
Ouch! That really hurt!
You die...

...#
#.#<......#
#..#
#.##.#.#####
#.>#
#.##.#.....#
##.#
#.##.#####.#
#.# #.#..#
#.# #.#
#.#.## #.#
#.# #.#.# #.#
#.#
#.#.######.##
#.#
#.#.##....O@#
##.#
#.#.##.######
.#.# #.#.##.#
.#.# #.#.##.#
.#.# #.#.##.#
.#.# #.#.##.#
.#.# #.#.##.#
.#.# #.#.##.#
.#.###.#.##.#


You could see an ogre (poisoned).

Vanquished Creatures
  An orc wizard (D:3)
  3 adders
  A gnoll (D:1)
  A worm (D:1)
  4 orcs (D:3)
  8 endoplasms
  A giant cockroach (D:3)
  3 goblins
  2 hobgoblins
  2 jackals (D:3)
  5 kobolds
  5 quokkas
  4 ball pythons
  6 bats
  A frilled lizard (D:1)
  7 rats
54 creatures vanquished.

Vanquished Creatures (others)
  A plant (D:3)
1 creature vanquished.

Grand Total: 55 creatures vanquished

Notes
Turn   | Place    | Note
-------+----------+-------------------------------------------
     0 | D:1      | raph the Deep Elf Venom Mage began the quest for the Orb.
     0 | D:1      | Reached XP level 1. HP: 10/10 MP: 6/6
   225 | D:1      | Reached XP level 2. HP: 15/15 MP: 5/8
   233 | D:1      | Reached skill level 4 in Poison Magic
   296 | D:1      | Learned a level 2 spell: Poisonous Vapours
   551 | D:1      | Found a faded altar of an unknown god.
  1287 | D:1      | Reached XP level 3. HP: 16/19 MP: 6/9
  1328 | D:1      | Learned a level 3 spell: Mephitic Cloud
  1360 | D:2      | Noticed Sigmund
  1389 | D:2      | Reached skill level 5 in Poison Magic
  1605 | D:2      | You fall into a shaft and drop 2 floors!
  1605 | D:4      | Noticed Pikel
  1605 | D:4      | Noticed a lemure
  1607 | D:4      | Noticed a lemure
  1607 | D:4      | Noticed a lemure
  1607 | D:4      | Noticed a lemure
  1847 | D:3      | Reached XP level 4. HP: 24/24 MP: 5/10
  2020 | D:3      | Found a glowing golden altar of the Shining One.
  2349 | D:3      | Found a sparkling altar of Nemelex Xobeh.
  2350 | D:3      | Found a shimmering blue altar of Sif Muna.
  2351 | D:3      | Found a radiant altar of Vehumet.
  2351 | D:3      | Found a glowing silver altar of Zin.
  2370 | D:3      | Became a worshipper of Vehumet
  3090 | D:4      | Noticed an ogre
  3102 | D:4      | Noticed a necrophage
  3106 | D:4      | Noticed a phantom
  3126 | D:3      | Slain by an ogre

Illustrated notes

Levels and vault maps discovered:
D:1:      amcnicky_arrival_single_pillar, layout_rooms,
          hellmonk_ecumenical_altar_crossroads, serial_corexii_hall,
          corexii_hall_statues_l, corexii_hall_statues_i
D:2:      layout_rooms, uniq_sigmund
D:3:      layout_basic, lemuel_tele_altar, mainiacjoe_overflow_alcove_3
D:4:      layout_basic, uniq_pikel, uniq_robin

Skill      XL: |  1  2  3 |
---------------+----------+-----
Poison Magic   | 4 5 |  5.9
Dodging        | |  2.4
Stealth        | |  2.4
Spellcasting   | |  3.2
Conjurations   | |  0.8
Transmutations | |  1.1

Action                   |  1- 3 |  4- 6 || total
-------------------------+-------+-------++-------
Melee: Mace              |     4 |       ||     4
       Dagger            |    12 |    21 ||    33
 Cast: Sting             |    38 |    25 ||    63
       Poisonous Vapours |    16 |    18 ||    34
       Mephitic Cloud    |       |     1 ||     1
  Use: Scroll            |     6 |       ||     6
Armor: Robe              |    10 |     7 ||    17
Dodge: Dodged            |    20 |    34 ||    54
